 Dungeon Crawl Stone Soup version 0.30-a0-778-g2ef04afb54 (webtiles) character file.

Game seed: 8020582069677917659

37 xian the Grave Robber (level 3, -1/24 HPs)
             Began as a Demonspawn Necromancer on Feb 16, 2023.
             Slain by a gnoll
             ... wielding a +0 club
              (4 damage)
             ... on level 2 of the Dungeon.
             The game lasted 00:04:08 (1490 turns).

xian the Grave Robber (Demonspawn Necromancer)      Turns: 1490, Time: 00:04:08

Health: -1/24      AC:  4    Str:  8    XL:     3   Next: 23%
Magic:  4/6        EV: 11    Int: 18    God:
Gold:   67         SH:  0    Dex: 13    Spells: 5/6 levels left

rFire   . . .      SeeInvis .    e - +0 short sword
rCold   . . .      Faith    .    (no shield)
rNeg    . . .      Spirit   .    i - +0 leather armour
rPois   .          Reflect  .    (no helmet)
rElec   .          Harm     .    (no cloak)
rCorr   .          Rampage  .    (no gloves)
Will    .....                    (no boots)
Stlth   ++                       (no amulet)
HPRegen 0.24/turn                (no ring)
MPRegen 0.10/turn                (no ring)

@: no status effects
A: rugged brown scales 1, weakness stinger 1
a: no special abilities


You were on level 2 of the Dungeon.
You visited 1 branch of the dungeon, and saw 2 of its levels.

You collected 67 gold pieces.

Inventory:

Hand Weapons
 e - a +0 short sword (weapon)
Missiles
 g - 4 boomerangs
 p - 2 throwing nets
Armour
 i - a +0 leather armour (worn)
Scrolls
 a - 2 scrolls of fear {unknown}
 d - 4 scrolls of teleportation {unknown}
 f - a scroll of vulnerability {unknown}
 h - a scroll of brand weapon {unknown}
 j - a scroll of silence {unknown}
 k - a scroll of fog {unknown}
 n - a scroll of identify {unknown}
 o - a scroll of immolation
Potions
 b - a potion of magic
 c - a potion of might {unknown}
 l - 2 potions of brilliance {unknown}
 m - a potion of cancellation {unknown}


   Skills:
 + Level 0.2 Short Blades
 + Level 1.0 Armour
 + Level 2.0 Dodging
 + Level 2.0 Stealth
 + Level 2.2 Spellcasting
 + Level 4.9 Necromancy


You had 5 spell levels left.
You knew the following spells:

 Your Spells              Type           Power      Damage    Failure   Level
a - Necrotise             Necr           76%        1d7       3%          1

Your spell library contained the following spells:

 Spells                   Type           Power      Damage    Failure   Level
 Vampiric Draining        Necr           19%        2d7       10%         3
 Apportation              Tloc           2%         N/A       26%         1
 Summon Small Mammal      Summ           4%         N/A       26%         1
 Animate Dead             Necr           19%        N/A       32%         4
 Hailstorm                Conj/Ice       1%         3d3       58%         3
 Agony                    Necr           19%        N/A       67%         5
 Ice Form                 Ice/Tmut       1%         N/A       94%         4
 Simulacrum               Ice/Necr       5%         N/A       100%        6


Dungeon Overview and Level Annotations

Branches:
Dungeon (2/15)

Altars:


Innate Abilities, Weirdness & Mutations

You are partially covered in rugged brown scales. (AC +1, +3% HP)
You have a small tail.


Message History

You miscast Necrotise.
You are very lightly contaminated with residual magic.
Nothing appears to happen.
The gnoll hits you with a +0 club.
You hit the gnoll but do no damage.
The gnoll is lightly wounded.
The gnoll misses you.
You completely miss the gnoll.
Your tail-slap misses the gnoll.
The gnoll is lightly wounded.
The gnoll hits you with a +0 club!
You barely miss the gnoll.
The gnoll is lightly wounded.
The gnoll hits you with a +0 club.
You barely miss the gnoll.
The gnoll is lightly wounded.
The gnoll barely misses you.
You hit the gnoll but do no damage. You tail-slap the gnoll.
The gnoll is moderately wounded.
The gnoll misses you.
The gnoll writhes in agony.
The gnoll hits you with a +0 club.
Your magical contamination has completely faded away.
You are too injured to fight recklessly!
You are too injured to fight recklessly!
You are too injured to fight recklessly!
You are too injured to fight recklessly!
Unknown command.
You hit the gnoll.
The gnoll is almost dead.
The gnoll hits you with a +0 club.
* * * LOW HITPOINT WARNING * * *
You hit the gnoll but do no damage.
The gnoll is almost dead.
The gnoll hits you but does no damage.
You hit the gnoll.
The gnoll is almost dead.
The gnoll hits you with a +0 club.
* * * LOW HITPOINT WARNING * * *
You barely miss the gnoll.
The gnoll is almost dead.
The gnoll hits you with a +0 club.
You die...

#.# .# #.# .. ...
.## #.# #.. #.#
..# #.# ..####.
######.##.......
#..<...@g.....# #
#.####.##.##.#.#
.. #.####.##...
..#.##.......#####
#.........#..#
###.##....#..# ..
#.......# ##
###...###.#
#.......#.# .


You could see a gnoll.

Vanquished Creatures
  A worm (D:2)
  5 ball pythons
  2 endoplasms (D:1)
  2 giant cockroaches
  A goblin (D:1)
  6 jackals
  A quokka (D:1)
  3 bats
  3 frilled lizards (D:1)
  4 kobolds
  3 rats
31 creatures vanquished.

Vanquished Creatures (collateral kills)
  A giant cockroach (D:1)
1 creature vanquished.

Grand Total: 32 creatures vanquished

Notes
Turn   | Place    | Note
-------+----------+-------------------------------------------
     0 | D:1      | xian the Demonspawn Necromancer began the quest for the
                  | Orb.
     0 | D:1      | Reached XP level 1. HP: 13/13 MP: 3/3
   478 | D:1      | Gained mutation: You are partially covered in rugged brown
                  | scales. (AC +1, +3% HP) [demonic ancestry]
   478 | D:1      | Reached XP level 2. HP: 5/19 MP: 5/5
  1191 | D:2      | Found a faded altar of an unknown god.
  1225 | D:2      | Gained mutation: You have a small tail. [demonic ancestry]
  1225 | D:2      | Reached XP level 3. HP: 11/24 MP: 1/6
  1244 | D:2      | Reached skill level 1 in Armour
  1490 | D:2      | Slain by a gnoll

Illustrated notes

Levels and vault maps discovered:
D:1:      dpeg_arrival_boxorama, layout_basic, minmay_misc_feat_columns
D:2:      layout_loops_cross, hellmonk_ecumenical_altar_blasted,
          minmay_diced_spiral

Skill      XL: |  1  2  3 |
---------------+----------+-----
Dodging        | 2 |  2.0
Armour         | 1 |  1.0
Stealth        | 2 |  2.0
Short Blades   | |  0.2
Spellcasting   | |  2.2
Necromancy     | |  4.9

Action                     || total
---------------------------++-------
  Melee: Short sword       ||   140
         Unarmed           ||    11
         Tailslap          ||     7
   Cast: Necrotise         ||    13
   Stab: Sleeping          ||     1
 Armour: Leather armour    ||    50
         Robe              ||     2
  Dodge: Dodged            ||    97

Table legend: (Time is in decaauts)
 A = Elapsed time spent in this place.
 B = Non-inter-level travel time spent in this place.
 C = Inter-level travel time spent in this place.
 D = Time resting spent in this place.
 E = Time spent auto-exploring this place.
 F = Levels seen in this place.
 G = Mean time per level.
                   A        B        C        D        E       F      G
               +--------+--------+--------+--------+--------+-----+--------+
         Total |   1489 |   1489 |      0 |      0 |    862 |   2 |  744.5 |
       Dungeon |   1489 |   1489 |      0 |      0 |    862 |   2 |  744.5 |
               +--------+--------+--------+--------+--------+-----+--------+

Top non-repeatable levels by time:
     D:1: 1156 daAuts
     D:2: 332 daAuts
